 Dungeon Crawl Stone Soup version 0.24.1-8-ga250c9d538 (webtiles) character file.

Game seed: 10574034920623524631, levelgen mode: deterministic

620 Hugehornet the Changer (level 7, -1/43 HPs)
             Began as an Octopode Transmuter on May 3, 2020.
             Slain by an ice beast (13 damage)
             ... on level 5 of the Dungeon.
             The game lasted 00:13:33 (4908 turns).

Hugehornet the Changer (Octopode Transmuter)        Turns: 4908, Time: 00:13:34

Health: -1/43      AC:  1    Str:  9    XL:     7   Next: 46%
Magic:  9/10       EV: 13    Int: 18    God:
Gold:   204        SH:  0    Dex: 12    Spells: 4/10 levels left

rFire    . . .     SeeInvis .     - Unarmed
rCold    . . .     Gourm    .   (no shield)
rNeg     . . .     Faith    .   (helmet restricted)
rPois    .         Spirit   .   (no amulet)
rElec    .         Reflect  .   m - ring of flight
rCorr    .         Harm     .   (no ring)
MR       .....                  (no ring)
Stlth    ++........             (no ring)
HPRegen  0.14/turn              (no ring)
MPRegen  0.12/turn              (no ring)
                                (no ring)
                                (no ring)

@: appendage
A: almost no armour, stealthy swim, amphibious, 8 rings, constrict 8, tentacle
spike 3, camouflage 1, gelatinous body 1
a: End Transformation, Evoke Flight


You were on level 5 of the Dungeon.
You were not hungry.
One of your tentacles had a temporary spike.
You visited 1 branch of the dungeon, and saw 6 of its levels.

You collected 204 gold pieces.

Inventory:

Missiles
 a - 54 arrows
Jewellery
 m - a ring of flight (left tentacle)
Scrolls
 e - 3 scrolls of remove curse {unknown}
 j - a scroll of magic mapping {unknown}
 k - a scroll of enchant weapon {unknown}
 l - a scroll of enchant armour {unknown}
 n - 2 scrolls of teleportation {unknown}
 o - a scroll of immolation {unknown}
 q - a scroll of amnesia {unknown}
Potions
 b - a potion of brilliance
 d - 2 potions of curing
 f - a potion of invisibility
 g - 2 potions of agility
 i - a potion of flight
 p - 2 potions of lignification
 r - a potion of degeneration {unknown}
Comestibles
 c - 8 rations


   Skills:
 - Level 1.0 Fighting
 - Level 2.0 Dodging
 * Level 5.8 Unarmed Combat
 + Level 2.1 Spellcasting
 * Level 6.1 Transmutations
 - Level 1.1 Poison Magic


You had 4 spell levels left.
You knew the following spells:

 Your Spells              Type           Power        Failure   Level  Hunger
a - Beastly Appendage     Tmut           ###...       1%          1    #......
b - Sticks to Snakes      Tmut           ###.....     2%          2    ###....
c - Spider Form           Tmut/Pois      ###.......   12%         3    ###....

Your spell library contained the following spells:

 Spells                   Type           Power        Failure   Level  Hunger
 Ice Form                 Ice/Tmut       ##......     45%         4    #####..
 Blade Hands              Tmut           ###.......   36%         5    ######.


Dungeon Overview and Level Annotations

Branches:
Dungeon (6/15)
 Temple: D:4-7

Altars:
Elyvilon
Kikubaaqudgha
Nemelex Xobeh
Okawaru
Ru
Uskayaw
Wu Jian
Xom
The Shining One

Annotations:
D:5 Ijyb


Innate Abilities, Weirdness & Mutations

You cannot wear most types of armour.
You are very stealthy in the water. (Stealth+)
You are amphibious.
You can wear up to eight rings at the same time.
You can use your tentacles to constrict eight enemies at once.
Your skin changes colour to match your surroundings (Stealth+).
Your rubbery body absorbs attacks. (AC +1, EV +1)
One of your tentacles bears a large vicious spike.


Message History

Found four altars.
There is a stone staircase leading down here.
Casting: Beastly Appendage (safe; 1% risk of failure)
Confirm with . or Enter, or press ? or * to list all spells.
One of your tentacles grows a vicious spike.
The ice beast hits you. The ice beast freezes you!
You tentacle-slap the ice beast.
You pierce the ice beast.
You squeeze the ice beast.
The ice beast is lightly wounded.
The ice beast barely misses you.
You tentacle-slap the ice beast but do no damage.
The ice beast is lightly wounded.
The ice beast hits you. The ice beast freezes you!
You tentacle-slap the ice beast.
You pierce the ice beast, but do no damage.
The ice beast is moderately wounded.
The ice beast hits you.
* * * LOW HITPOINT WARNING * * *
The ice beast freezes you!
You die...

# ##..... #
.+..... #
....... #.
.._.... #
#.. ._8_...
# .. .._....
##.###.....#
#...@Y.....#
#.#.#####.##
##


You could see an ice beast.

Vanquished Creatures
  Duvessa (D:5)
  A centaur (D:4)
  Blork the orc (D:5)
  Dowan (D:5)
  A bullfrog zombie (D:5)
  A centaur skeleton (D:5)
  A hound (D:4)
  7 gnolls
  4 adders
  A shadow imp (D:5)
  3 oozes
  7 worms
  7 dart slugs
  2 leopard geckos
  4 orcs (D:3)
  7 bats
  5 giant cockroaches
  3 goblins
  8 hobgoblins
  9 kobolds
  6 frilled lizards
  6 rats
86 creatures vanquished.

Notes
Turn   | Place    | Note
-------+----------+-------------------------------------------
     0 | D:1      | Hugehornet the Octopode Transmuter began the quest for the
                  | Orb.
     0 | D:1      | Reached XP level 1. HP: 13/13 MP: 3/3
   118 | D:1      | Reached XP level 2. HP: 18/18 MP: 3/5
   211 | D:1      | Reached skill level 3 in Transmutations
   384 | D:1      | Reached XP level 3. HP: 23/23 MP: 4/6
  1060 | D:2      | Reached skill level 4 in Transmutations
  1101 | D:2      | Reached XP level 4. HP: 11/28 MP: 5/7
  1345 | D:2      | Found a shimmering altar of Xom.
  1348 | D:2      | Found a shimmering altar of Xom.
  1348 | D:2      | Found a radiant altar of Vehumet.
  1352 | D:2      | Found a white marble altar of Elyvilon.
  1352 | D:2      | Found an ancient bone altar of Kikubaaqudgha.
  1352 | D:2      | Found an iron altar of Okawaru.
  1414 | D:2      | Found a sparkling altar of Nemelex Xobeh.
  1531 | D:2      | Found a sacrificial altar of Ru.
  1770 | D:2      | Learned a level 2 spell: Sticks to Snakes
  1774 | D:2      | Learned a level 3 spell: Spider Form
  2057 | D:2      | Found a faded altar of an unknown god.
  2077 | D:2      | Reached skill level 5 in Transmutations
  2077 | D:2      | Reached XP level 5. HP: 9/33 MP: 2/8
  3922 | D:4      | Found a glowing golden altar of the Shining One.
  3936 | D:4      | Reached skill level 1 in Poison Magic
  3936 | D:4      | Reached XP level 6. HP: 35/38 MP: 5/9
  4018 | D:4      | Reached skill level 6 in Transmutations
  4389 | D:5      | Entered Level 5 of the Dungeon
  4390 | D:5      | Noticed Blork the orc
  4405 | D:5      | Killed Blork the orc
  4408 | D:5      | Noticed Dowan
  4409 | D:5      | Noticed Duvessa
  4416 | D:5      | Killed Duvessa
  4416 | D:5      | Reached skill level 5 in Unarmed Combat
  4416 | D:5      | Reached XP level 7. HP: 21/43 MP: 5/10
  4627 | D:5      | Killed Dowan
  4895 | D:5      | Noticed Ijyb
  4895 | D:5      | You fall into a shaft and drop 1 floor!
  4903 | D:5      | Found an ancient bone altar of Kikubaaqudgha.
  4903 | D:5      | Found an iron altar of Okawaru.
  4903 | D:5      | Found an ornate altar of the Wu Jian Council.
  4903 | D:5      | Found a hide-covered altar of Uskayaw.
  4908 | D:5      | Slain by an ice beast

Levels and vault maps discovered:
D:1:      mushboom_english_gardens, layout_loops_corners
D:2:      layout_loops_cross, doesnt_xom_only_xom,
          nemelex_xobeh_ov_fountains_minmay, first_ration,
          chequers_ecumenical_altar_simple_redux,
          nicolae_ru_the_path_less_chosen
D:3:      layout_loops_corners
D:4:      layout_loops_cross, tso_metal_star
D:5:      layout_loops_corners, chequers_temple_overflow_statue_of_worship,
          temple_hall, uniq_blork_the_orc, uniq_ijyb, uniq_duvessa
D:6:      layout_rooms, hangedman_decor_push

Skill      XL: |  1  2  3  4  5  6 |
---------------+-------------------+-----
Transmutations | 3 4 5 6 |  6.1
Poison Magic   | 1 |  1.1
Unarmed Combat | 5 |  5.8
Fighting       | |  1.0
Dodging        | |  2.0
Spellcasting   | |  2.1

Action                   |  1- 3 |  4- 6 |  7- 9 || total
-------------------------+-------+-------+-------++-------
Melee: Unarmed           |    74 |   153 |    25 ||   252
       Constrict         |    24 |    28 |     3 ||    55
       Tentacles         |    11 |    15 |     3 ||    29
       Kick              |    19 |    26 |     6 ||    51
       Punch             |     1 |     1 |     1 ||     3
 Cast: Beastly Appendage |    27 |    30 |     3 ||    60
       Spider Form       |       |     7 |     2 ||     9
  Use: Potion            |       |     2 |       ||     2
       Scroll            |       |       |     5 ||     5
 Stab: Sleeping          |     7 |     8 |       ||    15
  Eat: Chunk             |     1 |    11 |       ||    12
       Ration            |       |       |     1 ||     1
Armor: Skin              |     5 |     3 |       ||     8
Dodge: Dodged            |    36 |    81 |    14 ||   131
